 Dungeon Crawl Stone Soup version 0.27.1-4-g1640c2035a (webtiles) character file.

Game seed: 18239058656782976783

32 Descartes the Sneak (level 3, -6/19 HPs)
             Began as a Deep Elf Wanderer on Nov 15, 2021.
             Mangled by Sigmund (10 damage)
             ... on level 2 of the Dungeon.
             The game lasted 00:02:44 (1568 turns).

Descartes the Sneak (Deep Elf Wanderer)             Turns: 1568, Time: 00:02:44

Health: -6/19      AC:  4    Str:  9    XL:     3   Next: 8%
Magic:  9/9        EV: 12    Int: 18    God:
Gold:   12         SH:  0    Dex: 13    Spells: 7/8 levels left

rFire    . . .     SeeInvis .   e - +1 whip (elec)
rCold    . . .     Faith    .   (no shield)
rNeg     . . .     Spirit   .   n - +0 leather armour
rPois    .         Reflect  .   (no helmet)
rElec    .         Harm     .   k - +0 cloak
rCorr    .         Rampage  .   (no gloves)
Will     .....                  (no boots)
Stlth    +++.......             (no amulet)
HPRegen  0.06/turn              (no ring)
MPRegen  0.11/turn              (no ring)

@: no status effects
A: no striking features
a: no special abilities


You were on level 2 of the Dungeon.
You visited 1 branch of the dungeon, and saw 2 of its levels.

You collected 12 gold pieces.

Inventory:

Hand Weapons
 a - a +2 dagger
 c - a +0 short sword
 e - a +1 whip of electrocution (weapon)
Missiles
 g - 36 stones
Armour
 d - a +0 robe
 k - a +0 cloak (worn)
 n - a +0 leather armour (worn)
Scrolls
 b - a scroll of blinking
 h - a scroll of acquirement {unknown}
 i - a scroll of noise {unknown}
 l - 2 scrolls of teleportation {unknown}
 o - a scroll of fear {unknown}
Potions
 f - a potion of curing {unknown}
 j - a potion of magic {unknown}
 m - a potion of mutation {unknown}


   Skills:
 - Level 2.0 Short Blades
 - Level 1.0 Throwing
 + Level 3.1 Dodging
 - Level 5.0 Stealth
 - Level 3.0 Spellcasting
 + Level 1.2 Conjurations
 + Level 0.1 Transmutations


You had 7 spell levels left.
You knew the following spells:

 Your Spells              Type           Power      Damage    Failure   Level
a - Beastly Appendage     Tmut           6%         N/A       22%         1

Your spell library contained the following spells:

 Spells                   Type           Power      Damage    Failure   Level
 Ignite Poison            Fire/Tmut/Pois 2%         N/A       56%         3


Dungeon Overview and Level Annotations

Branches:
Dungeon (2/15)

Altars:

Annotations:
D:2 Sigmund


Message History

A bat comes into view.
You closely miss the bat. The bat hits you.
The bat hits you but does no damage. The bat completely misses you.
You barely miss the bat. The bat barely misses you. The bat closely misses you.
You hit the bat. Lightning courses through the bat!!
You kill the bat!
You have reached level 3!
Your experience leads to an increase in your attributes!
Increase (S)trength, (I)ntelligence, or (D)exterity?
You feel clever.
HP restored.
Sigmund and a dart slug come into view.
Sigmund is wielding a +2 vampiric scythe and carrying a wand of polymorph (8).
The helpless dart slug fails to defend itself.
You hit the dart slug.
Lightning courses through the dart slug!
You kill the dart slug!
The helpless Sigmund fails to defend himself.
You whack Sigmund!
Sigmund is moderately wounded.
Sigmund barely misses you.
You hit Sigmund.
Sigmund is moderately wounded.
Sigmund hits you with a +2 vampiric scythe!
Ouch! That really hurt!
You are too injured to fight recklessly!
You are too injured to fight recklessly!
You closely miss Sigmund.
Sigmund is moderately wounded.
You closely miss Sigmund.
Sigmund is moderately wounded.
Sigmund gestures wildly while chanting.
Sigmund flickers and vanishes!
Deactivating autopickup; reactivate with Ctrl-A.
Something hits you.
* * * LOW HITPOINT WARNING * * *
You miss something. You hit something. Something hits you!
Ouch! That really hurt!
You die...

#....###.##
###......#..#
##....###.#..#
........#....#####
#.#.###.#........######
#.....#.[..#####......#
#.###.#.##>#####.####.#
#.. ... #.##......# ...
#.####.##.##@#.# ##....
#.## #{#.# # ##. ...
..^.. ## #.##.#. #.
.#.# #. .# # #. ## #.


There were no monsters in sight!

Vanquished Creatures
  A gnoll (D:1)
  A dart slug (D:2)
  A bat (D:2)
  An endoplasm (D:2)
  A hobgoblin (D:1)
  2 jackals (D:1)
  A quokka (D:1)
  4 ball pythons (D:1)
  3 frilled lizards (D:1)
  4 goblins (D:1)
  A rat (D:1)
20 creatures vanquished.

Notes
Turn   | Place    | Note
-------+----------+-------------------------------------------
     0 | D:1      | Descartes the Deep Elf Wanderer began the quest for the
                  | Orb.
     0 | D:1      | Descartes set off with the following items: a +2 dagger, a
                  | scroll of blinking, a +0 short sword, a +0 robe; and the
                  | following spell memorised: Beastly Appendage; and the
                  | following spells available to memorise: Ignite Poison
     0 | D:1      | Reached XP level 1. HP: 10/10 MP: 6/6
   220 | D:1      | Reached skill level 5 in Stealth
   222 | D:1      | Reached skill level 1 in Dodging
   603 | D:1      | Reached XP level 2. HP: 15/15 MP: 8/8
  1330 | D:1      | Found a faded altar of an unknown god.
  1544 | D:2      | Reached XP level 3. HP: 18/19 MP: 9/9
  1557 | D:2      | Noticed Sigmund
  1568 | D:2      | Mangled by Sigmund

Illustrated notes

Levels and vault maps discovered:
D:1:      lightli_arrival_isolated_outpost, layout_basic,
          shapermc_ecumenical_altar_mp_highgroup
D:2:      layout_loops_cross, hangedman_abyss_or_decor_stabs, uniq_sigmund

Skill      XL: |  1  2 |
---------------+-------+-----
Stealth        | 5 |  5.0
Dodging        | 1 3 |  3.1
Short Blades   | |  2.0
Throwing       | |  1.0
Spellcasting   | |  3.0
Conjurations   | |  1.2
Transmutations | |  0.1

Action                   || total
-------------------------++-------
Melee: Whip              ||    48
       Dagger            ||     5
 Stab: Sleeping          ||     8
Armor: Robe              ||     7
       Leather armour    ||     1
Dodge: Dodged            ||    27
